AoeStats
← Murph0uake

Black Forest

509064613Analyzed
3v3 RM · 7d ago on Sep 25, 2026· 50m 8s· 6 players
Game mode
Random Map
Map size
Normal (6 player)
Population
200
Speed
Normal
Resources
Standard
Victory
Conquest
Starting age
Dark Age
Ending age
Imperial Age
RankedLock teamsTeams togetherTeam positionsShared explorationLock speedFull tech treeHidden civsTurbo modeCheats
Victory
Defeat
🇪🇸 Cumans · Spain
892
+15
🇩🇪 Franks · Germany
882
+15
🇳🇱 Khmer · Netherlands
855
+16
🇫🇷 Portuguese · France
930
-29
🇬🇧 Danes · United Kingdom
826
-14
🇨🇳 Tatars · China
823
-14
MIRMIDOR
2:31 Loom
12:12 Feudal Age
17:36 Castle Age
18:15 Horse Collar
19:47 Wheelbarrow
19:10 Double-Bit Axe
21:59 Heavy Plow
28:39 Bow Saw
29:26 Hand Cart
29:57 Gold Mining
35:01 Imperial Age
33:03 Steppe Husbandry
33:12 Padded Archer Armor
33:04 Fletching
34:30 Caravan
35:04 Bloodlines
35:28 Thumb Ring
36:19 Crop Rotation
36:54 Two-Man Saw
36:26 Conscription
35:32 Elite Steppe Lancer
37:47 Pikeman
38:28 Squires
39:26 Hoardings
39:32 Scale Barding Armor
39:38 Forging
39:45 Leather Archer Armor
39:25 Bodkin Arrow
40:59 Town Watch
43:49 Chemistry
46:30 Ring Archer Armor
46:21 Chain Barding Armor
46:37 Iron Casting
49:50 Elite Kipchak
moose45
0:32 Loom
15:51 Feudal Age
16:20 Double-Bit Axe
16:27 Horse Collar
17:21 Gold Mining
21:13 Castle Age
19:14 Stone Mining
20:05 Forging
22:34 Heavy Plow
22:47 Bow Saw
26:11 Gold Shaft Mining
26:15 Wheelbarrow
25:26 Town Watch
26:34 Iron Casting
26:01 Scale Mail Armor
26:07 Scale Barding Armor
27:17 Stone Shaft Mining
28:03 Masonry
29:24 Fletching
30:29 Town Patrol
34:11 Imperial Age
32:21 Hand Cart
33:33 Ballistics
33:15 Padded Archer Armor
33:51 Iron Casting
33:48 Light Cavalry
34:41 Bloodlines
34:31 Husbandry
33:54 Pikeman
33:55 Man-at-Arms
36:12 Conscription
36:39 Crop Rotation
37:13 Chemistry
37:33 Double Crossbow
39:40 Siege Engineers
40:37 Blast Furnace
40:56 Elite Ballista Elephant
47:02 Chain Barding Armor
46:38 Bodkin Arrow
47:19 Architecture
46:45 Murder Holes
47:06 Caravan
49:41 Elite Battle Elephant
NikNak1876795
0:31 Loom
10:31 Feudal Age
11:05 Double-Bit Axe
17:36 Castle Age
20:13 Bow Saw
23:22 Wheelbarrow
25:27 Hand Cart
26:02 Gold Mining
26:50 Fortified Wall
27:25 Town Watch
27:55 Stone Mining
28:41 Gold Shaft Mining
33:27 Imperial Age
34:55 Town Patrol
34:18 Cavalier
34:58 Husbandry
35:04 Chivalry
35:26 Conscription
35:55 Ballistics
36:36 Chemistry
35:45 Treadmill Crane
37:29 Hoardings
37:33 Paladin
39:22 Caravan
39:05 Capped Ram
40:36 Scale Barding Armor
40:43 Forging
42:05 Siege Engineers
42:15 Masonry
42:01 Murder Holes
43:07 Man-at-Arms
43:33 Gambesons
43:48 Squires
44:03 Arson
43:39 Long Swordsman
44:11 Two-Handed Swordsman
44:52 Champion
45:52 Scale Mail Armor
46:34 Iron Casting
47:32 Chain Mail Armor
51:18 Blast Furnace
Murph0uake
0:54 Loom
11:44 Feudal Age
12:54 Double-Bit Axe
20:33 Castle Age
19:09 Horse Collar
22:38 Scale Mail Armor
22:48 Forging
24:42 Bow Saw
25:18 Pikeman
26:00 Squires
27:12 Fletching
30:51 Hamask
33:16 Wheelbarrow
36:38 Imperial Age
34:22 Arson
34:57 Chain Mail Armor
35:20 Iron Casting
36:41 Hand Cart
36:16 Town Watch
36:47 Halberdier
38:11 Plate Mail Armor
39:30 Chemistry
38:28 Capped Ram
39:49 Conscription
41:50 Blast Furnace
40:46 Bodkin Arrow
44:25 Elite Varangian Guard
46:48 Ballistics
49:56 Gambesons
albator11100
0:33 Loom
15:58 Feudal Age
18:00 Horse Collar
18:57 Wheelbarrow
18:08 Town Watch
18:12 Double-Bit Axe
18:20 Stone Mining
20:12 Gold Mining
24:37 Castle Age
25:43 Forging
25:34 Scale Mail Armor
25:40 Scale Barding Armor
25:35 Padded Archer Armor
25:26 Fletching
26:41 Heavy Plow
27:45 Town Patrol
29:30 Stone Shaft Mining
31:55 Chain Barding Armor
31:51 Chain Mail Armor
32:44 Bow Saw
32:53 Hand Cart
38:27 Imperial Age
36:24 Treadmill Crane
36:40 Murder Holes
37:06 Ballistics
36:57 Masonry
38:32 Iron Casting
37:53 Bodkin Arrow
38:13 Leather Archer Armor
41:54 Two-Man Saw
40:59 Circumnavigation
41:00 Arquebus
43:46 Cavalier
44:02 Pikeman
44:22 Elite Skirmisher
44:55 Halberdier
46:58 Plate Barding Armor
46:53 Arson
47:18 Husbandry
noob
1:30 Loom
11:57 Feudal Age
12:34 Horse Collar
12:42 Double-Bit Axe
14:52 Gold Mining
19:59 Castle Age
18:48 Fletching
20:12 Padded Archer Armor
20:12 Stone Mining
21:15 Bow Saw
21:10 Heavy Plow
21:23 Bodkin Arrow
28:02 Gold Shaft Mining
28:40 Town Watch
29:11 Masonry
30:05 Wheelbarrow
32:46 Imperial Age
31:14 Ballistics
30:35 Treadmill Crane
30:51 Murder Holes
32:21 Leather Archer Armor
32:13 Scale Barding Armor
31:34 Elite Skirmisher
33:02 Silk Armor
33:24 Forging
34:06 Crop Rotation
34:04 Squires
33:24 Pikeman
34:33 Conscription
34:42 Chain Barding Armor
34:55 Caravan
35:21 Husbandry
35:38 Bloodlines
36:13 Block Printing
37:15 Hand Cart
37:02 Town Patrol
38:41 Chemistry
38:56 Fortified Wall
39:04 Timurid Siegecraft
38:57 Scale Mail Armor
38:24 Light Cavalry
40:00 Bracer
41:48 Iron Casting
Connection lost

Rejoining the realm…

Still unreachable

The connection could not be restored.

Session expired

The server has moved on; the page needs a fresh start.